 Dungeon Crawl Stone Soup version 0.15-a0-773-g3a4c672 (webtiles) character file.

39 4tharraofdagon the Insei (level 3, 0/18 HPs)
             Began as a Vine Stalker Transmuter on May 13, 2014.
             Succumbed to a scorpion's poison
             ... on Level 4 of the Dungeon.
             The game lasted 00:03:47 (521 turns).

4tharraofdagon the Insei (Vine Stalker Transmuter)   Turns: 521, Time: 00:03:48

HP   0/18        AC  2     Str 12      XL: 3   Next: 47%
MP   2/7         EV 12     Int 14      God:
Gold 42          SH  0     Dex 14      Spells:  1 memorised,  6 levels left

rFire  . . .     SeeInvis .       - Unarmed
rCold  . . .     Clarity  .     c - +0 robe
rNeg   . . .     Conserve .     (no shield)
rPois  .         rCorr    .     (no helmet)
rElec  .         rRot     +     (no cloak)
SustAb . .       Spirit   +     (no gloves)
rMut   .         Warding  .     (no boots)
Gourm  .         Stasis   .     (no amulet)
MR     .....                    (no ring)
                                (no ring)

@: lethally poisoned, not resistant to hostile enchantments, very unstealthy
A: fangs 2, regeneration 1, magic shield, antimagic bite, no device heal 2
a: no special abilities


You were on level 4 of the Dungeon.
You were not hungry.

You visited 1 branch of the dungeon, and saw 4 of its levels.

You collected 42 gold pieces.

Inventory:

Missiles
 b - 12 arrows
 g - 21 exploding darts (quivered)
Armour
 c - a +0 robe (worn)
Magical devices
 j - a wand of flame (11)
Comestibles
 a - a bread ration
Scrolls
 e - a scroll of blinking
 h - a scroll of identify
Potions
 f - a potion of restore abilities {unknown}
Books
 d - a book of Changes

   Spells                             Type                      Level
   *Beastly Appendage                 Transmutation                1
   Sticks to Snakes                   Transmutation                2
   Spider Form                        Transmutation/Poison         3
   Ice Form                           Ice/Transmutation            4
   Blade Hands                        Transmutation                5


   Skills:
 + Level 1.2 Fighting
 + Level 1.7 Dodging
 * Level 3.4 Unarmed Combat
 + Level 2.6 Spellcasting
 + Level 2.4 Transmutations


You had 6 spell levels left.
You knew the following spells:

 Your Spells              Type           Power        Failure   Level  Hunger
a - Beastly Appendage     Trmt           #.....       10%         1    #......


Dungeon Overview and Level Annotations

Branches:
Dungeon (4/15)
 Temple: D:4-7

Altars:

Annotations:
D:3 4tharraofdagon's ghost, weakling TeFE


Innate Abilities, Weirdness & Mutations

You are immune to rotting.
You have extremely sharp teeth.
Your natural rate of healing is unusually fast.
When hurt, damage is shared between your health and your magic reserves.
Your bite disrupts and absorbs the magic of your enemies.
Potions and wands cannot restore your health.


Message History

You hit the scorpion.
The scorpion is almost dead.
The scorpion stings you!
* * * LOW HITPOINT WARNING * * *
You are lethally poisoned!
The scorpion poisons you!
Unknown command.
* * * LOW HITPOINT WARNING * * *
You feel sick.
Unknown command.
* * * LOW HITPOINT WARNING * * *
You feel sick.
Unknown command.
Unknown command.
* * * LOW HITPOINT WARNING * * *
You feel sick.
Unknown command.
Drink which item? (? for menu, Esc to quit)
Okay, then.
You die...

#########
#........
#......###
#<........
#......###
#.....s#####.###
#>##@##r........
#.##.#...###.###
#.#...#.#.#
#...#...##.#
#............
##.###..##.###
..# #..# # ##.#
#...# ... ....


You could see a scorpion.

Vanquished Creatures
  An adder (D:2)
  A gnoll (D:2)
  A giant gecko (D:3)
  2 orcs (D:3)
  2 bats
  3 giant cockroaches
  A kobold (D:1)
  2 quokkas (D:2)
  A giant newt (D:1)
  5 rats
19 creatures vanquished.

Notes
Turn   | Place    | Note
--------------------------------------------------------------
     0 | D:1      | 4tharraofdagon, the Vine Stalker Transmuter, began the quest for the Orb.
     0 | D:1      | Reached XP level 1. HP: 9/9 MP: 3/3
    57 | D:1      | Reached skill level 1 in Fighting
    59 | D:1      | Reached XP level 2. HP: 7/14 MP: 4/6
   195 | D:2      | WTF
   205 | D:2      | WTFFFFFFFFF
   330 | D:2      | Reached XP level 3. HP: 7/18 MP: 5/7
   434 | D:3      | Noticed a scorpion
   448 | D:3      | Noticed an ogre
   462 | D:3      | Noticed 4tharraofdagon's ghost (weakling TeFE)
   521 | D:4      | Succumbed to a scorpion's poison

Action                   || total
-------------------------++-------
Melee: Unarmed           ||    78
Evoke: Wand              ||     2
  Use: Potion            ||     1
       Scroll            ||     3
 Stab: Sleeping          ||     1

Vault maps used:
D:1:      erik_arrival_cave_to_civilisation
D:2:      kennysheep_generic_room_9
D:4:      minmay_temple_entry_statues_fountains, first_bread, uniq_grinder
